 Dungeon Crawl Stone Soup version 0.30.0-5-g1a98f26d00 (webtiles) character file.

Game seed: 10707195493032526677

105 choppaz the Changer (level 4, -9/28 HPs)
             Began as an Octopode Transmuter on May 12, 2023.
             Was an Initiate of Gozag.
             Mangled by an iguana (15 damage)
             ... on level 4 of the Dungeon.
             The game lasted 00:04:23 (2829 turns).

choppaz the Changer (Octopode Transmuter)           Turns: 2829, Time: 00:04:24

Health: -9/28      AC:  1    Str:  9    XL:     4   Next: 81%
Magic:  7/7        EV: 13    Int: 17    God:    Gozag
Gold:   191        SH:  0    Dex: 12    Spells: 2/7 levels left

rFire   . .          .
                       - Unarmed
rCold   . . .        (no shield)
rNeg    . . .        (helmet restricted)
rPois   .            o - amulet of magic regeneration
rElec   .            (no ring)
rCorr   .            (no ring)
SInv    .            (no ring)
Will    .....        (no ring)
Stlth   ++           (no ring)
HPRegen 0.24/turn    (no ring)
MPRegen 0.50/turn    (no ring)
                     (no ring)

%: no passive effects
@: no status effects
A: almost no armour, amphibious, 8 rings, camouflage 1, gelatinous body 1,
(nimble swimmer 1), tentacles
a: Renounce Religion, Potion Petition, Call Merchant, Bribe Branch


You were on level 4 of the Dungeon.
You worshipped Gozag.
Gozag was aware of your devotion.
You visited 1 branch of the dungeon, and saw 4 of its levels.

You collected 249 gold pieces.
You paid 58 gold pieces to Gozag.

Inventory:

Hand Weapons
 r - a +1 dagger of speed
Missiles
 k - 2 curare-tipped darts
Jewellery
 o - an amulet of magic regeneration (around mantle)
Scrolls
 d - 2 scrolls of immolation
 e - a scroll of acquirement {unknown}
 f - a scroll of amnesia {unknown}
 h - a scroll of butterflies {unknown}
 i - 2 scrolls of fear
 l - a scroll of blinking {unknown}
 p - a scroll of enchant weapon {unknown}
 q - a scroll of fog {unknown}
Potions
 a - a potion of lignification
 b - 3 potions of curing
 c - a potion of might {unknown}
 g - a potion of mutation {unknown}
 j - a potion of brilliance {unknown}
 m - a potion of heal wounds {unknown}
 n - 2 potions of haste {unknown}


   Skills:
 - Level 1.0 Fighting
 - Level 2.0 Dodging
 - Level 3.0 Unarmed Combat
 - Level 2.0 Spellcasting
 * Level 3.6 Transmutations
 * Level 2.9 Ice Magic


You had 2 spell levels left.
You knew the following spells:

 Your Spells              Type           Power      Damage    Failure   Level
a - Beastly Appendage     Tmut           28%        N/A       4%          1
b - Ice Form              Ice/Tmut       12%        N/A       45%         4

Your spell library contained the following spells:

 Spells                   Type           Power      Damage    Failure   Level
 Wereblood                Tmut           14%        N/A       6%          2
 Blink                    Tloc           2%         N/A       28%         2
 Lesser Beckoning         Tloc           2%         N/A       28%         2
 Momentum Strike          Conj/Tloc      2%         3d8       28%         2
 Spider Form              Tmut/Pois      7%         N/A       26%         3


Dungeon Overview and Level Annotations

Branches:
Dungeon (4/15)
 Temple: D:4-7

Altars:
Cheibriados
Gozag
Ru
Trog
Yredelemnul


Innate Abilities, Weirdness & Mutations

You cannot wear most types of armour.
You are amphibious.
You can wear up to eight rings at the same time.
Your skin changes colour to match your surroundings (Stealth+).
Your rubbery body absorbs attacks. (AC +1, EV +1)
((You are camouflaged when in or above water. (Stealth+)))
You have tentacles for arms and can constrict up to eight enemies at once.


Message History

Found a stone staircase leading up.
There is a stone staircase leading up here.
Found a stone staircase leading up.
Found 5 stones.
You now have 164 gold pieces (gained 13).
b - 3 potions of curing (gained 1)
You now have 181 gold pieces (gained 17).
You now have 191 gold pieces (gained 10).
An iguana comes into view.
The iguana hisses angrily.
The iguana completely misses you.
You completely miss the iguana. You grab the iguana.
You constrict the iguana, but do no damage.
You tentacle-slap the iguana but do no damage.
You squeeze the iguana, but do no damage.
You constrict the iguana, but do no damage.
The iguana misses you.
You tentacle-slap the iguana but do no damage.
You squeeze the iguana.
The iguana is moderately wounded.
You constrict the iguana, but do no damage.
The iguana closely misses you.
You tentacle-slap the iguana but do no damage.
The iguana is moderately wounded.
You constrict the iguana. The iguana bites you.
You tentacle-slap the iguana but do no damage.
The iguana is heavily wounded.
You constrict the iguana, but do no damage.
The iguana bites you!
You tentacle-slap the iguana.
The iguana is heavily wounded.
You constrict the iguana. The iguana bites you!
* * * LOW HITPOINT WARNING * * *
You are too injured to fight recklessly!
You tentacle-slap the iguana.
The iguana is severely wounded.
You constrict the iguana. The iguana bites you!
Ouch! That really hurt!
You die...
Your body crumbles into a pile of gold.

... ......## ...(. .#
#... #..............
..##.#. ##....^. .......
.....#.##..... .......
#..........## ##.....
#...........######......
#......##..##..........
##......#.......# #...
###..@.#.....#### #...
##.l###.....#.###..<
##.# #........#.... ...
#####....#.... ..#
##......## ####
##....... #......#
##.##.## ######


You could see an iguana.

Vanquished Creatures
  Terence (D:2)
  An adder (D:3)
  A worm (D:2)
  A dart slug (D:1)
  2 orcs (D:3)
  5 ball pythons
  5 endoplasms
  4 giant cockroaches
  6 goblins
  7 hobgoblins
  2 jackals (D:1)
  7 kobolds
  3 quokkas
  8 bats
  2 frilled lizards
  4 rats
59 creatures vanquished.

Notes
Turn   | Place    | Note
-------+----------+-------------------------------------------
     0 | D:1      | choppaz the Octopode Transmuter began the quest for the
                  | Orb.
     0 | D:1      | Reached XP level 1. HP: 13/13 MP: 3/3
   152 | D:1      | Reached skill level 1 in Ice Magic
   152 | D:1      | Reached XP level 2. HP: 18/18 MP: 5/5
   467 | D:1      | Reached XP level 3. HP: 23/23 MP: 6/6
  1168 | D:2      | Noticed Terence
  1345 | D:2      | Killed Terence
  1346 | D:2      | Reached XP level 4. HP: 15/28 MP: 7/7
  1406 | D:2      | Learned a level 4 spell: Ice Form
  2678 | D:3      | Found an opulent altar of Gozag.
  2686 | D:3      | Became a worshipper of Gozag Ym Sagoz the Greedy
  2692 | D:3      | Found a snail-covered altar of Cheibriados.
  2692 | D:3      | Found a basalt altar of Yredelemnul.
  2700 | D:3      | Found a bloodstained altar of Trog.
  2703 | D:3      | Found a sacrificial altar of Ru.
  2829 | D:4      | Mangled by an iguana

Illustrated notes

Levels and vault maps discovered:
D:1:      evilmike_arrival_hilbert_curve, layout_basic, serial_glass,
          glass_columns_c, glass_columns_a
D:2:      layout_rooms, uniq_terence
D:3:      layout_basic, minmay_overflow_temple_star_hex
D:4:      layout_cave_pools, serial_shops, shop, uniq_edmund, uniq_ijyb

Skill      XL: |  1  2  3 |
---------------+----------+-----
Ice Magic      | 1 2 |  2.9
Transmutations | 3 |  3.6
Fighting       | |  1.0
Dodging        | |  2.0
Unarmed Combat | |  3.0
Spellcasting   | |  2.0

Action                     |  1- 3 |  4- 6 || total
---------------------------+-------+-------++-------
  Melee: Unarmed           |   114 |    52 ||   166
         Tentacles         |    26 |    14 ||    40
         Constrict         |    29 |    12 ||    41
         Punch             |     4 |       ||     4
  Throw: Dart              |     1 |       ||     1
    Use: Scroll            |       |     3 ||     3
   Stab: Sleeping          |     5 |     3 ||     8
 Armour: Skin              |    18 |     2 ||    20
  Dodge: Dodged            |    72 |    20 ||    92
